 Dungeon Crawl Stone Soup version 0.26-a0-834-g69557b85cc (webtiles) character file.

Game seed: 2482836089606943205

209 robertstho the Firebug (level 5, -5/28 HPs)
             Began as a Deep Elf Fire Elementalist on Nov 16, 2020.
             Was an Initiate of Sif Muna.
             Killed from afar by Blork the orc (8 damage)
             ... with a puff of frost
             ... on level 4 of the Dungeon.
             The game lasted 00:08:48 (4055 turns).

robertstho the Firebug (Deep Elf Fire Elementalist) Turns: 4055, Time: 00:08:49

Health: -5/28      AC:  2    Str:  5    XL:     5   Next: 55%
Magic:  8/14       EV: 13    Int: 21    God:    Sif Muna [......]
Gold:   156        SH:  0    Dex: 15    Spells: 13/14 levels left

rFire    . . .     SeeInvis .   p - +0 dagger (holy)
rCold    . . .     Faith    .   (no shield)
rNeg     . . .     Spirit   .   a - +0 robe
rPois    .         Reflect  .   (no helmet)
rElec    .         Harm     .   (no cloak)
rCorr    .         Rampage  .   (no gloves)
MR       .....                  (no boots)
Stlth    ++........             (no amulet)
HPRegen  0.09/turn              (no ring)
MPRegen  0.14/turn              (no ring)

@: no status effects
A: no striking features
a: Renounce Religion


You were on level 4 of the Dungeon.
You worshipped Sif Muna.
Sif Muna was noncommittal.
You visited 1 branch of the dungeon, and saw 4 of its levels.

You collected 156 gold pieces.

Inventory:

Hand Weapons
 e - a +0 dagger
 g - a +0 short sword
 p - a +0 dagger of holy wrath (weapon)
Missiles
 r - 18 poisoned darts (quivered)
Armour
 a - a +0 robe (worn)
Jewellery
 m - an uncursed ring of protection from cold {unknown}
 n - an uncursed ring of flight {unknown}
Wands
 t - a wand of iceblast (11)
 v - a wand of digging (2)
Scrolls
 b - a scroll of fog {unknown}
 c - 6 scrolls of identify {unknown}
 i - 3 scrolls of teleportation {unknown}
 q - a scroll of immolation {unknown}
 u - a scroll of amnesia {unknown}
 w - a scroll of fear {unknown}
Potions
 d - a potion of might {unknown}
 f - 2 potions of resistance {unknown}
 h - 3 potions of haste {unknown}
 j - 2 potions of flight {unknown}
 k - 2 potions of curing {unknown}
 l - a potion of mutation {unknown}
 o - a potion of berserk rage {unknown}
 s - 2 potions of attraction {unknown}


   Skills:
 + Level 0.2 Short Blades
 + Level 2.6 Dodging
 + Level 2.8 Stealth
 * Level 5.0 Spellcasting
 + Level 2.3 Conjurations
 * Level 5.3 Fire Magic


You had 13 spell levels left.
You knew the following spells:

 Your Spells              Type           Power        Failure   Level
a - Foxfire               Conj/Fire      ###.         2%          1

Your spell library contained the following spells:

 Spells                   Type           Power        Failure   Level
 Conjure Flame            Conj/Fire      ###.....     7%          3
 Inner Flame              Hex/Fire       ###.....     11%         3
 Sticky Flame             Conj/Fire      ###.....     22%         4
 Fireball                 Conj/Fire      ###.......   54%         5


Dungeon Overview and Level Annotations

Branches:
Dungeon (4/15)
 Temple: D:4-7

Altars:
Makhleb
Sif Muna
Trog
Yredelemnul

Annotations:
D:4 Blork the orc


Message History

Your magical contamination has completely faded away.
The foxfire hits something. x2
Casting: Foxfire (safe; 2% risk of failure)
Confirm with . or Enter, or press ? or * to list all spells.
You conjure some foxfire!
The foxfire hits something.
The foxfire hits something.
A magic dart appears from out of thin air!
The magic dart hits you!
Casting: Foxfire (safe; 2% risk of failure)
Confirm with . or Enter, or press ? or * to list all spells.
You conjure some foxfire!
You hear some strange, mumbled words.
A puff of flame appears from out of thin air!
The puff of flame hits you!
A puff of flame appears from out of thin air!
The puff of flame hits you!
* * * LOW HITPOINT WARNING * * *
A puff of frost appears from out of thin air!
The puff of frost hits you!
You die...

#### .#.## ### .#..##
##.## .....# #...######
....## #....##..# ..##.#
#....#...#### .###.##
#....#§§@...##
......###...v§v#§....#
[.......#......#§#..[#
.................#{.####
..........>.........>..#
..............#..#.....#
...........#.....##...##
..........##.....#...##
.........###...#.#...#


There were no monsters in sight!

Vanquished Creatures
  Natasha (D:4)
  A worker ant (D:3)
  3 adders
  3 oozes
  2 worms (D:3)
  3 dart slugs
  6 leopard geckos
  5 orcs
  16 giant cockroaches
  4 hobgoblins (D:1)
  10 jackals
  10 kobolds
  A quokka (D:3)
  A ball python (D:2)
  9 bats
  4 frilled lizards
  6 goblins
  10 rats
95 creatures vanquished.

Vanquished Creatures (others)
  313 foxfires
  A plant (D:3)
314 creatures vanquished.

Grand Total: 409 creatures vanquished

Notes
Turn   | Place    | Note
-------+----------+-------------------------------------------
     0 | D:1      | robertstho the Deep Elf Fire Elementalist began the quest
                  | for the Orb.
     0 | D:1      | Reached XP level 1. HP: 10/10 MP: 6/6
   133 | D:1      | Reached XP level 2. HP: 14/15 MP: 0/8
   624 | D:1      | Reached XP level 3. HP: 19/19 MP: 6/10
  1573 | D:2      | Found a bloodstained altar of Trog.
  1848 | D:2      | Found a basalt altar of Yredelemnul.
  2018 | D:2      | Reached XP level 4. HP: 17/24 MP: 8/12
  2803 | D:3      | Found a faded altar of an unknown god.
  3136 | D:3      | Reached skill level 5 in Fire Magic
  3188 | D:3      | Reached XP level 5. HP: 28/28 MP: 9/14
  3594 | D:3      | Found a shimmering blue altar of Sif Muna.
  3595 | D:3      | Found a burning altar of Makhleb.
  3659 | D:3      | Became a worshipper of Sif Muna the Loreminder
  3947 | D:4      | Noticed Natasha
  3952 | D:4      | Killed Natasha
  3953 | D:4      | Reached skill level 5 in Spellcasting
  4043 | D:4      | Noticed Blork the orc
  4055 | D:4      | Killed from afar by Blork the orc

Illustrated notes

Levels and vault maps discovered:
D:1:      minmay_arrival_five_plusses, layout_loops_corners
D:2:      layout_loops_ring, general_overflow_altar, old_standard_altar
D:3:      minmay_roachtagon, layout_basic, gammafunk_temple_overflow_wave,
          serial_glass, glass_columns_b, glass_columns_c,
          chequers_ecumenical_altar_simple
D:4:      layout_cave_pools, old_standard_altar, temple_statues, uniq_eustachio,
          uniq_blork_the_orc, uniq_natasha

Skill      XL: |  1  2  3  4  5 |
---------------+----------------+-----
Fire Magic     | 4 5 |  5.3
Spellcasting   | 4 5 |  5.0
Conjurations   | 2 |  2.3
Short Blades   | |  0.2
Dodging        | |  2.6
Stealth        | |  2.8

Action                   |  1- 3 |  4- 6 || total
-------------------------+-------+-------++-------
Melee: Unarmed           |     3 |       ||     3
       Short sword       |     2 |     4 ||     6
       Dagger            |       |    27 ||    27
 Cast: Foxfire           |   103 |   109 ||   212
Armor: Robe              |     6 |    18 ||    24
Dodge: Dodged            |    13 |    62 ||    75

Table legend: (Time is in decaauts)
 A = Elapsed time spent in this place.
 B = Non-inter-level travel time spent in this place.
 C = Inter-level travel time spent in this place.
 D = Time resting spent in this place.
 E = Time spent auto-exploring this place.
 F = Levels seen in this place.
 G = Mean time per level.
                   A        B        C        D        E       F      G
               +--------+--------+--------+--------+--------+-----+--------+
         Total |   4053 |   3972 |     81 |     64 |   3261 |   4 | 1013.2 |
       Dungeon |   4053 |   3972 |     81 |     64 |   3261 |   4 | 1013.2 |
               +--------+--------+--------+--------+--------+-----+--------+

Top non-repeatable levels by time:
     D:3: 1541 daAuts
     D:1: 1513 daAuts
     D:2: 891 daAuts
     D:4: 107 daAuts
